 Dungeon Crawl Stone Soup version 0.20.1-1-g8b1a95d (webtiles) character file.

43 Linguinho the Digger (level 3, 0/19 HPs)
             Began as a Deep Elf Earth Elementalist on Oct 28, 2017.
             Slain by an adder (3 damage)
             ... on level 2 of the Dungeon.
             The game lasted 00:04:21 (950 turns).

Linguinho the Digger (Deep Elf Earth Elementalist)   Turns: 950, Time: 00:04:22

Health: 0/19       AC:  2    Str:  5    XL:     3   Next: 37%
Magic:  7/9        EV: 13    Int: 18    God:
Gold:   9          SH:  0    Dex: 17    Spells: 2/8 levels left

rFire    . . .     SeeInvis .   l - +0 dagger
rCold    . . .     Gourm    .   (no shield)
rNeg     . . .     Faith    .   c - +0 robe
rPois    .         Spirit   .   (helmet restricted)
rElec    .         Reflect  .   (no cloak)
rCorr    .         Harm     .   (no gloves)
MR       .....                  (no boots)
Stlth    ++........             (no amulet)
Regen    0.1/turn               (no ring)
MPRegen  0.2/turn               (no ring)

@: no status effects
A: horns 1, agile 1, dopey 1, wild magic 1
a: no special abilities


You were on level 2 of the Dungeon.
You were not hungry.

You visited 1 branch of the dungeon, and saw 2 of its levels.

You collected 9 gold pieces.

Inventory:

Hand Weapons
 l - a +0 dagger (weapon)
Missiles
 b - 17 stones (quivered)
Armour
 c - a +0 robe (worn)
Jewellery
 n - an uncursed ring of resist corrosion {unknown}
Potions
 a - 2 potions of heal wounds {unknown}
 m - a potion of curing
Books
 e - a book of Geomancy

   Spells                             Type                      Level
   a - Sandblast                      Earth                        1
   b - Passwall                       Transmutation/Earth          2
   c - Stone Arrow                    Conjuration/Earth            3
   d - Petrify                        Transmutation/Earth          4
   e - Lee's Rapid Deconstruction     Earth                        5
Comestibles
 d - a bread ration
 g - 3 meat rations


   Skills:
 * Level 0.4 Short Blades
 * Level 2.8 Dodging
 * Level 2.8 Stealth
 * Level 3.4 Spellcasting
 + Level 1.1 Transmutations
 * Level 4.2 Earth Magic


You had 2 spell levels left.
You knew the following spells:

 Your Spells              Type           Power        Failure   Level  Hunger
a - Sandblast             Erth           ###...       4%          1    None
b - Passwall              Tmut/Erth      ###.......   12%         2    ##.....
c - Stone Arrow           Conj/Erth      ##....       28%         3    ###....


Dungeon Overview and Level Annotations

Branches:
Dungeon (2/15)

Altars:


Innate Abilities, Weirdness & Mutations

You have a pair of small horns on your head.
You are agile. (Dex +2)
You are dopey. (Int -2)
Your spells are a little harder to cast, but a little more powerful.


Message History

Confirm with . or Enter, or press ? or * to list all spells.
Aiming: Sandblast
Press: ? - help, Shift-Dir - straight line, f/p - goblin
Aim: a goblin, wielding a club (almost dead)
The blast of sand hits the goblin.
You kill the goblin!
b - 18 stones
There is a stone staircase leading up here.
Casting: Sandblast
Confirm with . or Enter, or press ? or * to list all spells.
Aiming: Sandblast
Press: ? - help, Shift-Dir - straight line, f - hobgoblin
Aim: a hobgoblin, wielding a club The blast of sand hits the hobgoblin.
The hobgoblin is almost dead.
b - 17 stones The hobgoblin barely misses you.
The adder misses you.
Unknown command.
The adder bites you.
You die...

#.# ##.## #. #.# #.#
#. #.# #)# #. #
#.######.#######.
#.##................
#.#...........######
#..g..<..<..†.#
###S#######.†## #@#
#..# #.# #..# #.#
#..# ... ...# ..#
##.# #### .. ##


You could see an adder and a hobgoblin.

Vanquished Creatures
  2 dart slugs
  2 leopard geckos (D:1)
  2 giant cockroaches (D:1)
  3 goblins
  2 hobgoblins
  11 jackals (D:1)
  5 bats (D:1)
  4 frilled lizards
  A kobold (D:1)
32 creatures vanquished.

Notes
Turn   | Place    | Note
-------+----------+-------------------------------------------
     0 | D:1      | Linguinho the Deep Elf Earth Elementalist began the quest for the Orb.
     0 | D:1      | Reached XP level 1. HP: 10/10 MP: 6/6
   107 | D:1      | Reached XP level 2. HP: 10/15 MP: 0/8
   322 | D:1      | Reached skill level 4 in Earth Magic
   586 | D:1      | Reached XP level 3. HP: 18/19 MP: 9/9
   590 | D:1      | Learned a level 2 spell: Passwall
   594 | D:1      | Learned a level 3 spell: Stone Arrow
   732 | D:1      | Gained mutation: You are agile. (Dex +2) [potion of mutation]
   732 | D:1      | Gained mutation: Your spells are a little harder to cast, but a little more powerful. [potion of mutation]
   732 | D:1      | Gained mutation: You are dopey. (Int -2) [potion of mutation]
   732 | D:1      | Gained mutation: You have a pair of small horns on your head. [potion of mutation]
   950 | D:2      | Slain by an adder

Skill      XL: |  1  2 |
---------------+-------+-----
Earth Magic    | 4 |  4.2
Short Blades   | |  0.4
Dodging        | |  2.8
Stealth        | |  2.8
Spellcasting   | |  3.4
Transmutations | |  1.1

Action                   || total
-------------------------++-------
Melee: Unarmed           ||     3
       Dagger            ||    35
       Headbutt          ||     2
 Cast: Sandblast         ||    34
       Stone Arrow       ||     1
  Use: Scroll            ||     2
       Potion            ||     7
Armor: Robe              ||     9
Dodge: Dodged            ||    56
